 Dungeon Crawl Stone Soup version 0.29.0-4-gdea44cf6ec (webtiles) character file.

Game seed: 661853956862381806

177 qw the Shield-Bearer (level 5, 0/40 HPs)
             Began as a Ghoul Fire Elementalist on Aug 29, 2022.
             Slain by a black bear (1 damage)
             ... on level 4 of the Dungeon.
             The game lasted 00:02:08 (3436 turns).

qw the Shield-Bearer (Ghoul Fire Elementalist)      Turns: 3436, Time: 00:02:09

Health: 0/40       AC:  8    Str: 14    XL:     5   Next: 57%
Magic:  6/6        EV:  7    Int: 10    God:
Gold:   219        SH:  8    Dex:  9    Spells: 6/7 levels left

rFire   + . .      SeeInvis .     - Unarmed
rCold   + . .      Faith    .   c - +0 kite shield
rNeg    + + +      Spirit   .   n - +1 scale mail {rF+}
rPois   inf        Reflect  .   (no helmet)
rElec   .          Harm     .   (no cloak)
rCorr   +          Rampage  .   f - +0 pair of gloves
Will    .....                   (no boots)
Stlth   ..........              q - amulet of regeneration
HPRegen 0.00/turn               d - ring of resist corrosion
MPRegen 0.10/turn               (no ring)

@: about to teleport, inhibited regen
A: claws 1, cold resistance 1, negative energy resistance 3, inhibited
regeneration, torment resistance 2, devour on kill
a: no special abilities


You were on level 4 of the Dungeon.
You visited 1 branch of the dungeon, and saw 4 of its levels.

You collected 219 gold pieces.


Innate Abilities, Weirdness & Mutations

You are immune to poison.
You have sharp fingernails.
Your flesh is cold resistant. (rC+)
You are immune to negative energy. (rN+++)
You do not regenerate when monsters are visible.
You are immune to unholy pain and torment.
You thrive by killing the living.


   Skills:
 - Level 1.2 Fighting
 - Level 1.7 Dodging
 - Level 2.1 Stealth
 - Level 3.3 Shields
 + Level 3.1 Unarmed Combat
 - Level 1.7 Spellcasting
 - Level 0.7 Conjurations
 - Level 2.4 Fire Magic


You had 6 spell levels left.
You knew the following spells:

 Your Spells              Type           Power      Damage    Failure   Level
a - Foxfire               Conj/Fire      16%        2x1d4     93%         1

Your spell library contained the following spells:

 Spells                   Type           Power      Damage    Failure   Level
 Scorch                   Fire           10%        2d6       94%         2
 Conjure Flame            Conj/Fire      4%         6-21      100%        3
 Inner Flame              Hex/Fire       3%         N/A       100%        3
 Flame Wave               Conj/Fire      4%         2d5       100%        4

Inventory:

Missiles
 k - 3 javelins (quivered)
Armour
 c - a +0 kite shield (worn)
 f - a +0 pair of gloves (worn)
 n - a +1 scale mail of fire resistance (worn)
Jewellery
 d - a ring of resist corrosion (left hand)
 q - an amulet of regeneration (around neck)
Scrolls
 b - a scroll of teleportation
 p - a scroll of identify
Potions
 e - a potion of might
 h - a potion of haste {unknown}
 i - 2 potions of curing

Dungeon Overview and Level Annotations

Branches:
Dungeon (4/15)
 Temple: D:4-7

Altars:


Message History

The black bear claws you but does no damage. x2
You hit the black bear.
The black bear is severely wounded.
The black bear goes berserk!
You hit the black bear.
The black bear is severely wounded.
The black bear bites you.
The black bear claws you but does no damage.
The black bear barely misses you.
You hit the black bear.
The black bear is almost dead.
The black bear barely misses you.
The black bear claws you but does no damage.
The black bear completely misses you. You block the black bear's attack.
The black bear claws you. x2
You closely miss the black bear.
The black bear is almost dead.
You block the black bear's attack.
The black bear claws you but does no damage. x2
You hit the black bear but do no damage.
The black bear is almost dead.
The black bear barely misses you.
The black bear claws you but does no damage.
You block the black bear's attack. x3
The black bear claws you but does no damage.
You barely miss the black bear.
The black bear is almost dead.
You block the black bear's attack. The black bear claws you. x2
The black bear bites you. The black bear barely misses you.
The black bear claws you but does no damage.
You hit the black bear but do no damage.
The black bear is almost dead.
You block the black bear's attack. The black bear claws you. x2
3436 ||| READING 2 scrolls of teleportation.
As you read the scroll of teleportation, it crumbles to dust.
You feel strangely unstable.
The black bear bites you but does no damage.
The black bear claws you. You block the black bear's attack.
The black bear bites you.
You die...

### ... ..
.. #. #.
#h########
#.@......#
########.#
#....<#.#
#.###.#.#
#.# #.#.#
#.#####.#
#.......#
#########


You could see a black bear (berserk).

Vanquished Creatures
  A black bear (D:4)
  Jessica (D:2)
  An adder (D:2)
  3 worms (D:2)
  A dart slug (D:2)
  5 ball pythons
  6 bats
  5 endoplasms
  2 giant cockroaches (D:2)
  2 goblins (D:1)
  4 hobgoblins
  A jackal (D:1)
  2 quokkas (D:1)
  2 frilled lizards
  A kobold (D:1)
  3 rats
40 creatures vanquished.

Notes
Turn   | Place    | Note
-------+----------+-------------------------------------------
     0 | D:1      | qw the Ghoul Fire Elementalist began the quest for the Orb.
     0 | D:1      | Reached XP level 1. HP: 14/14 MP: 2/2
     0 | D:1      | 0 ||| qw: Version: 0.1-a-90-g952f4b7
     0 | D:1      | 0 ||| qw: Game counter: 3878
     0 | D:1      | 0 ||| qw: Always use a shield: true
     0 | D:1      | 0 ||| qw: God list: Okawaru
     0 | D:1      | 0 ||| qw: Allow faded altars: false
     0 | D:1      | 0 ||| qw: Do Orc after D:15 true
     0 | D:1      | 0 ||| qw: Do second Lair branch before Depths: true
     0 | D:1      | 0 ||| qw: Lair rune preference: random
     0 | D:1      | 0 ||| qw: Plans: Normal
     0 | D:1      | 0 ||| PLANNING D:1-11
    32 | D:1      | Reached skill level 1 in Unarmed Combat
   556 | D:1      | 556 ||| Stepping ~*~*~tactically~*~*~ (stealth).
   558 | D:1      | 558 ||| Stepping ~*~*~tactically~*~*~ (stealth).
   564 | D:1      | Reached skill level 1 in Fighting
   564 | D:1      | Reached XP level 2. HP: 23/23 MP: 3/3
   582 | D:1      | 582 ||| Stepping ~*~*~tactically~*~*~ (stealth).
   911 | D:1      | Found a faded altar of an unknown god.
  1350 | D:1      | 1350 ||| UPGRADING to +0 kite shield.
  1355 | D:1      | 1355 ||| UPGRADING to ring of resist corrosion.
  1356 | D:1      | 1356 ||| READING scroll labelled NAVYMONIYFEPH.
  1360 | D:1      | 1360 ||| READING scroll labelled ANUGGYKHEJ.
  1361 | D:1      | 1361 ||| DROPPING potion of magic.
  1402 | D:2      | Reached XP level 3. HP: 22/28 MP: 4/4
  1712 | D:2      | Reached skill level 1 in Shields
  1810 | D:2      | Noticed Jessica
  1825 | D:2      | 1825 ||| Stepping ~*~*~tactically~*~*~ (hiding).
  1831 | D:2      | Killed Jessica
  1832 | D:2      | Reached skill level 3 in Unarmed Combat
  1832 | D:2      | Reached XP level 4. HP: 20/35 MP: 5/5
  2418 | D:2      | 2418 ||| Stepping ~*~*~tactically~*~*~ (outnumbered).
  2897 | D:2      | 2897 ||| UPGRADING to +0 pair of gloves.
  2902 | D:2      | 2902 ||| UPGRADING to +0 leather armour.
  2912 | D:2      | 2912 ||| DROPPING +0 robe.
  2913 | D:2      | 2913 ||| READING scroll labelled BORUF XOCKIEZI.
  2914 | D:2      | 2914 ||| READING scroll labelled WOUPSUVAOJ.
  2915 | D:2      | 2915 ||| DRINKING 3 metallic cyan potions.
  3335 | D:3      | 3335 ||| UPGRADING to +1 scale mail of fire resistance.
  3345 | D:3      | 3345 ||| DROPPING +0 leather armour.
  3346 | D:3      | 3346 ||| UPGRADING to amulet of regeneration.
  3351 | D:3      | 3351 ||| READING scroll labelled KIARIG QULOOBB.
  3352 | D:3      | 3352 ||| READING scroll labelled SUUMPI LOSCHARCH.
  3353 | D:3      | 3353 ||| READING scroll labelled POT SAMEOS.
  3354 | D:3      | 3354 ||| READING scroll labelled HEECREZXUU.
  3355 | D:3      | 3355 ||| DRINKING 2 fuming black potions.
  3356 | D:3      | 3356 ||| READING 2 scrolls of identify.
  3356 | D:3      | 3356 ||| IDENTIFYING coppery potion
  3357 | D:3      | 3357 ||| DROPPING potion of lignification.
  3376 | D:4      | Noticed a black bear
  3385 | D:4      | Killed a black bear
  3386 | D:4      | Reached skill level 3 in Shields
  3386 | D:4      | Reached XP level 5. HP: 30/40 MP: 6/6
  3417 | D:4      | Noticed a black bear
  3435 | D:4      | HP: 9/40 [black bear (3)]
  3436 | D:4      | 3436 ||| READING 2 scrolls of teleportation.
  3436 | D:4      | HP: 1/40 [black bear (5)]
  3436 | D:4      | Slain by a black bear

Levels and vault maps discovered:
D:1:      dpeg_arrival_pits, layout_loops_corners,
          ebering_ecumenical_altar_abandoned, due_unseen_surprise
D:2:      layout_loops_ring, uniq_jessica
D:3:      layout_basic
D:4:      kennysheep_the_goblin_king, layout_basic,
          mainiacjoe_overflow_big_doors, uniq_duvessa

Skill      XL: |  1  2  3  4 |
---------------+-------------+-----
Unarmed Combat | 1 2 3 |  3.1
Fighting       | 1 |  1.2
Shields        | 1 3 |  3.3
Dodging        | |  1.7
Stealth        | |  2.1
Spellcasting   | |  1.7
Conjurations   | |  0.7
Fire Magic     | |  2.4

Action                   |  1- 3 |  4- 6 || total
-------------------------+-------+-------++-------
Melee: Unarmed           |    93 |    64 ||   157
       Punch             |     2 |       ||     2
Throw: Javelin           |       |     8 ||     8
  Use: Scroll            |     2 |     8 ||    10
       Potion            |       |     2 ||     2
 Stab: Sleeping          |     2 |     1 ||     3
Armor: Robe              |    21 |     1 ||    22
       Scale mail        |       |    28 ||    28
       Leather armour    |       |     3 ||     3
Dodge: Dodged            |    44 |    26 ||    70
Block: Kite shield       |    12 |    32 ||    44

Table legend:
 A = Non-vault XP
 B = Vault XP
 C = Vault XP percentage of total XP
 D = Non-vault monster count
 E = Vault monster count
 F = Vault count percentage of total count
                 A         B        C        D         E       F
            +---------+---------+-------+---------+---------+-------
      Total |     216 |      37 |  14.6 |      39 |       1 |   2.5
            +---------+---------+-------+---------+---------+-------
        D:1 |      33 |       0 |   0.0 |      19 |       0 |   0.0
        D:2 |      48 |      37 |  43.5 |      15 |       1 |   6.2
        D:3 |       7 |       0 |   0.0 |       4 |       0 |   0.0
        D:4 |     128 |       0 |   0.0 |       1 |       0 |   0.0
            +---------+---------+-------+---------+---------+-------
